 Dungeon Crawl Stone Soup version 0.26.1-11-gd32895ea62 (webtiles) character file.

Game seed: 5744716310472775645

30 Zeld the Insei (level 3, 0/23 HPs)
             Began as an Octopode Transmuter on May 27, 2021.
             Slain by a jackal (1 damage)
             ... on level 2 of the Dungeon.
             The game lasted 00:01:25 (1148 turns).

Zeld the Insei (Octopode Transmuter)                Turns: 1148, Time: 00:01:26

Health: 0/23       AC: -3    Str: 10    XL:     3   Next: 18%
Magic:  3/6        EV: 13    Int: 15    God:
Gold:   86         SH:  0    Dex: 12    Spells: 1/7 levels left

rFire    . . .     SeeInvis .     - Unarmed
rCold    . . .     Faith    .   (no shield)
rNeg     . . .     Spirit   .   (helmet currently unavailable)
rPois    .         Reflect  .   (no amulet)
rElec    .         Harm     .   f - -4 ring of protection (curse)
rCorr    .         Rampage  .   (no ring)
Will     .....                  (no ring)
Stlth    ++........             (no ring)
HPRegen  0.07/turn              (no ring)
MPRegen  0.10/turn              (no ring)
                                (no ring)
                                (no ring)

@: appendages, wereblooded
A: almost no armour, stealthy swim, amphibious, 8 rings, constrict 8, tentacle
spike 3, camouflage 1, gelatinous body 1
a: End Transformation


You were on level 2 of the Dungeon.
One of your tentacles had a temporary spike.
You visited 1 branch of the dungeon, and saw 2 of its levels.

You collected 86 gold pieces.

Inventory:

Jewellery
 f - a cursed -4 ring of protection (left tentacle)
Scrolls
 a - 2 scrolls of teleportation {unknown}
 b - 3 scrolls of identify {unknown}
 d - a scroll of enchant weapon {unknown}
Potions
 c - 2 potions of lignification {unknown}
 e - a potion of flight {unknown}


   Skills:
 + Level 1.4 Fighting
 + Level 2.2 Dodging
 - Level 3.0 Unarmed Combat
 * Level 2.5 Spellcasting
 * Level 2.5 Transmutations


You had one spell level left.
You knew the following spells:

 Your Spells              Type           Power        Failure   Level
a - Beastly Appendage     Tmut           18%          8%          1
b - Wereblood             Tmut           9%           11%         2
c - Spider Form           Tmut/Pois      2%           36%         3

Your spell library contained the following spells:

 Spells                   Type           Power        Failure   Level
 Ice Form                 Ice/Tmut       5%           77%         4
 Blade Hands              Tmut           4%           90%         5


Dungeon Overview and Level Annotations

Branches:
Dungeon (2/15)

Altars:


Innate Abilities, Weirdness & Mutations

You cannot wear most types of armour.
You are very stealthy in the water. (Stealth+)
You are amphibious.
You can wear up to eight rings at the same time.
You can use your tentacles to constrict eight enemies at once.
Your skin changes colour to match your surroundings (Stealth+).
Your rubbery body absorbs attacks. (AC +1, EV +1)
One of your tentacles bears a large vicious spike.


Message History

Confirm with . or Enter, or press ? or * to list all spells.
One of your tentacles grows a vicious spike.
The jackal closely misses you. x2
The jackal closely misses you.
Casting: Beastly Appendage (safe; 8% risk of failure)
Confirm with . or Enter, or press ? or * to list all spells.
Your blood is infused with primal strength.
The jackal misses you. The jackal barely misses you. The jackal bites you.
* * * LOW HITPOINT WARNING * * *
You closely miss the jackal. Your grab misses the jackal. The jackal bites you.
* * * LOW HITPOINT WARNING * * *
You tentacle-slap the jackal. Your grab misses the jackal.
Your tentacle spike misses the jackal.
Your squeeze misses the jackal.
The jackal is heavily wounded.
The jackal closely misses you.
You barely miss the jackal. Your grab misses the jackal.
The jackal is heavily wounded.
The jackal barely misses you. The jackal bites you.
You die...

## #### #####. ...#
..... ##..##.#
#...###........
###....#†##..##.##
##.....!..........
..............##.#
#.........#?.##@#
###.....###..##h######
####?...)###...rh.......
.........<.......######?
##S#####......#### #
#####..# #..# ...# #...#


You could see 2 jackals and a rat.

Vanquished Creatures
  A dart slug (D:1)
  4 goblins
  4 hobgoblins (D:1)
  A jackal (D:2)
  A quokka (D:2)
  5 bats (D:1)
  4 frilled lizards
  5 kobolds (D:1)
  5 rats (D:1)
30 creatures vanquished.

Notes
Turn   | Place    | Note
-------+----------+-------------------------------------------
     0 | D:1      | Zeld the Octopode Transmuter began the quest for the Orb.
     0 | D:1      | Reached XP level 1. HP: 13/13 MP: 3/3
   218 | D:1      | Reached XP level 2. HP: 18/18 MP: 3/5
   221 | D:1      | Learned a level 2 spell: Wereblood
   920 | D:1      | Reached XP level 3. HP: 15/23 MP: 4/6
   924 | D:1      | Learned a level 3 spell: Spider Form
  1146 | D:2      | HP: 1/23 [jackal (3)]
  1148 | D:2      | Slain by a jackal

Illustrated notes

Levels and vault maps discovered:
D:1:      lemuel_arrival_behind_the_door_large, layout_rooms, st_stairs_13,
          minmay_distorted
D:2:      layout_loops_ring, evilmike_ruin_ashenzari

Action                   || total
-------------------------++-------
Melee: Unarmed           ||    62
       Constrict         ||    20
       Kick              ||    12
       Tentacles         ||     2
 Cast: Beastly Appendage ||    18
       Wereblood         ||     1
 Stab: Sleeping          ||     2
Armor: Skin              ||     6
Dodge: Dodged            ||    66
